 Dungeon Crawl Stone Soup version 0.29-a0-294-g83ea962da3 (webtiles) character file.

Game seed: 16039897203244345734

374 Armakuni the Slasher (level 7, -5/56 HPs)
             Began as a Human Wanderer on Mar 18, 2022.
             Slain by a killer bee (6 damage)
             ... on level 4 of the Dungeon.
             The game lasted 00:04:49 (3212 turns).

Armakuni the Slasher (Human Wanderer)               Turns: 3212, Time: 00:04:49

Health: -5/56      AC:  7    Str: 14    XL:     7   Next: 3%
Magic:  7/7        EV: 11    Int: 11    God:
Gold:   172        SH:  0    Dex: 14    Spells: 5/6 levels left

rFire   . . .      SeeInvis .   b - +2 short sword (elec)
rCold   . . .      Faith    .   (no shield)
rNeg    . . .      Spirit   .   k - +3 leather armour of the Garden {Harm Regen+}
rPois   .          Reflect  .   (no helmet)
rElec   .          Harm     +   n - +0 cloak
rCorr   .          Rampage  .   (no gloves)
Will    .....                   (no boots)
Stlth   +.........              (no amulet)
HPRegen 0.98/turn               (no ring)
MPRegen 0.10/turn               (no ring)

@: mighty, lethally poisoned (-5 -> -7)
A: no striking features
a: no special abilities


You were on level 4 of the Dungeon.
You visited 1 branch of the dungeon, and saw 4 of its levels.

You collected 172 gold pieces.

Inventory:

Hand Weapons
 a - a +2 long sword
 b - a +2 short sword of electrocution (weapon)
Missiles
 c - a poisoned dart (quivered)
Armour
 d - a +0 leather armour
 g - a +0 cloak
 k - the +3 leather armour of the Garden (worn) {Harm Regen+}
   (You found it on level 2 of the Dungeon)

   Regen:     It increases your rate of health regeneration.
   Harm:      It increases damage dealt and taken.
 n - a +0 cloak (worn)
Jewellery
 J - a ring of ice
Scrolls
 f - 2 scrolls of noise
 h - 2 scrolls of fear
 l - 2 scrolls of enchant weapon
 m - a scroll of immolation
Potions
 i - a potion of magic
 j - 3 potions of brilliance


   Skills:
 - Level 5.0 Fighting
 + Level 7.3 Long Blades
 - Level 1.0 Dodging
 - Level 1.0 Evocations


You had 5 spell levels left.
You knew the following spells:

 Your Spells              Type           Power      Damage    Failure   Level
a - Apportation           Tloc           0%         N/A       41%         1

Your spell library contained the following spells:

 Spells                   Type           Power      Damage    Failure   Level
 Animate Skeleton         Necr           0%         N/A       41%         1
 Sandblast                Erth           0%         2d4       41%         1
 Summon Small Mammal      Summ           0%         N/A       41%         1
 Passwall                 Tmut/Erth      0%         N/A       56%         2
 Confusing Touch          Hex            0%         N/A       80%         3
 Stone Arrow              Conj/Erth      0%         3d7       80%         3
 Yara's Violent Unravell  Hex/Tmut       0%         3d3       100%        5
 Enfeeble                 Hex            0%         N/A       100%        7


Dungeon Overview and Level Annotations

Branches:
Dungeon (4/15)
 Temple: D:4-7

Altars:
Ashenzari


Message History

You feel sick.
You kill the killer bee!
The killer bee closely misses you. The killer bee stings you!
You are more poisoned.
The killer bee poisons you!
You have reached level 7!
It was a potion of cancellation.
You feel magically purged.
You feel very sick. The killer bee stings you. x2
* * * LOW HITPOINT WARNING * * *
It was a potion of curing.
You feel better. The killer bee misses you. The killer bee stings you!
* * * LOW HITPOINT WARNING * * *
Okay, then.
Unknown command.
You feel very mighty all of a sudden. The killer bee closely misses you.
The killer bee stings you.
* * * LOW HITPOINT WARNING * * *
You miss the killer bee.
The killer bee is lightly wounded.
The killer bee stings you.
* * * LOW HITPOINT WARNING * * *
The killer bee stings you.
* * * LOW HITPOINT WARNING * * *
You are poisoned.
The killer bee poisons you!
Okay, then.
Unknown command.
You puncture the killer bee!
The killer bee is severely wounded.
You feel very sick. The killer bee stings you.
* * * LOW HITPOINT WARNING * * *
You miss the killer bee.
The killer bee is severely wounded.
* * * LOW HITPOINT WARNING * * *
You feel sick. The killer bee stings you.
* * * LOW HITPOINT WARNING * * *
The killer bee stings you.
You die...

### ### ..######### ##.##
..........#############.#.##
..#######..............###.#
###
###############.##.#.#### #
.###... ..##...†......# #
.......#######.###.###.###.#
# .............#.# #.# #.#
#.#### ......y..###.#@#
#.###.###..... ..<>y..#.#
#.#y###.##...#######
.......#.###.#y##.....#..# #
.###.###......y....##....# #
# #.#######.#.##.####.#.# #
##.###..........(##.# #.#.#
# .......#######.####.#
##.#.###### ##.##..†......y#
#.# #..#.##....
#...........### #.#
#.##.##.###


You could see 3 killer bees.

Vanquished Creatures
  A necrophage (D:4)
  A kobold brigand (D:4)
  2 killer bees (D:4)
  2 hounds (D:4)
  3 adders
  2 dart slugs (D:1)
  6 orcs
  5 ball pythons
  4 bats
  9 endoplasms
  A giant cockroach (D:3)
  9 hobgoblins
  6 quokkas
  6 frilled lizards
  3 goblins
  4 kobolds
  5 rats
69 creatures vanquished.

Notes
Turn   | Place    | Note
-------+----------+-------------------------------------------
     0 | D:1      | Armakuni the Human Wanderer began the quest for the Orb.
     0 | D:1      | Armakuni set off with the following items: a +1 long sword,
                  | a +0 cloak, a potion of attraction, a +0 leather armour
     0 | D:1      | Reached XP level 1. HP: 21/21 MP: 1/1
    74 | D:1      | Reached XP level 2. HP: 27/27 MP: 2/2
   105 | D:1      | Found a faded altar of an unknown god.
   378 | D:1      | Reached skill level 4 in Long Blades
   378 | D:1      | Reached XP level 3. HP: 33/33 MP: 3/3
  1280 | D:2      | Identified the +3 leather armour of the Garden {Harm
                  | Regen+}
  1318 | D:2      | Reached XP level 4. HP: 37/39 MP: 4/4
  1349 | D:2      | Learned a level 1 spell: Apportation
  2028 | D:3      | Found a broken altar of Ashenzari.
  2081 | D:3      | You fall into a shaft and drop 1 floor!
  2092 | D:4      | Reached skill level 5 in Long Blades
  2134 | D:4      | Noticed a kobold brigand
  2144 | D:4      | Killed a kobold brigand
  2145 | D:4      | Reached XP level 5. HP: 37/44 MP: 5/5
  2240 | D:4      | Reached skill level 6 in Long Blades
  2240 | D:4      | Reached XP level 6. HP: 49/51 MP: 6/6
  3165 | D:4      | Reached skill level 7 in Long Blades
  3207 | D:4      | Reached XP level 7. HP: 22/56 MP: 7/7
  3212 | D:4      | HP: 1/56 [killer bee (2)]
  3212 | D:4      | Slain by a killer bee

Illustrated notes

Levels and vault maps discovered:
D:1:      dpeg_arrival_stone_temple_mockup, layout_basic,
          ebering_ecumenical_altar_mist
D:2:      layout_basic
D:3:      layout_loops_corners, nicolae_ashenzari_skybound, grunt_ministairs_3,
          st_stairs_12
D:4:      layout_loops_ring, minmay_temple_entry_from_below_b,
          corexii_leaking_fountain

Skill      XL: |  1  2  3  4  5  6 |
---------------+-------------------+-----
Long Blades    | 4 5 6 7 |  7.3
Fighting       | |  5.0
Dodging        | |  1.0
Evocations     | |  1.0

Action                   |  1- 3 |  4- 6 |  7- 9 || total
-------------------------+-------+-------+-------++-------
Melee: Long sword        |    31 |       |       ||    31
       Punch             |     1 |       |       ||     1
       Short sword       |    56 |   110 |     3 ||   169
Throw: Dart              |       |     4 |       ||     4
  Use: Scroll            |     3 |     8 |       ||    11
       Potion            |       |       |     3 ||     3
 Stab: Sleeping          |     1 |     2 |       ||     3
Armor: Leather armour    |    42 |    37 |       ||    79
Dodge: Dodged            |    61 |    63 |     2 ||   126

Table legend: (Time is in decaauts)
 A = Elapsed time spent in this place.
 B = Non-inter-level travel time spent in this place.
 C = Inter-level travel time spent in this place.
 D = Time resting spent in this place.
 E = Time spent auto-exploring this place.
 F = Levels seen in this place.
 G = Mean time per level.
                   A        B        C        D        E       F      G
               +--------+--------+--------+--------+--------+-----+--------+
         Total |   3207 |   3117 |     90 |     31 |   2485 |   4 |  801.8 |
       Dungeon |   3207 |   3117 |     90 |     31 |   2485 |   4 |  801.8 |
               +--------+--------+--------+--------+--------+-----+--------+

Top non-repeatable levels by time:
     D:2: 1390 daAuts
     D:3: 915 daAuts
     D:1: 493 daAuts
     D:4: 409 daAuts
